 Dungeon Crawl Stone Soup version 0.29.1-1-gd02db6906a (webtiles) character file.

Game seed: 3071876061942126293

582 Descartes the Magician (level 7, -2/36 HPs)
             Began as a Deep Elf Fire Elementalist on Sept 28, 2022.
             Slain by a wyvern (8 damage)
             ... on level 5 of the Dungeon.
             The game lasted 00:06:32 (5647 turns).

Descartes the Magician (Deep Elf Fire Elementalist) Turns: 5647, Time: 00:06:32

Health: -2/36      AC:  2    Str:  5    XL:     7   Next: 14%
Magic:  11/16      EV: 13    Int: 22    God:
Gold:   129        SH:  0    Dex: 15    Spells: 5/16 levels left

rFire   . . .      SeeInvis .   b - +0 sling
rCold   . . .      Faith    .   (no shield)
rNeg    . . .      Spirit   .   k - +0 robe
rPois   .          Reflect  .   (no helmet)
rElec   .          Harm     .   (no cloak)
rCorr   .          Rampage  .   (no gloves)
Will    .....                   (no boots)
Stlth   +++.......              (no amulet)
HPRegen 0.12/turn               (no ring)
MPRegen 0.15/turn               (no ring)

@: no status effects
A: no striking features
a: no special abilities


You were on level 5 of the Dungeon.
You visited 1 branch of the dungeon, and saw 5 of its levels.

You collected 129 gold pieces.

Inventory:

Hand Weapons
 a - a +1 dagger of venom
 b - a +0 sling (weapon)
 r - a +4 flail of pain
Missiles
 c - 2 silver javelins
 h - 76 stones
 i - 6 javelins
 B - 5 boomerangs
Armour
 k - a +0 robe (worn)
Jewellery
 s - a ring of ice
Scrolls
 g - a scroll of fog {unknown}
 j - 4 scrolls of enchant armour {unknown}
 m - a scroll of magic mapping {unknown}
 n - 2 scrolls of teleportation {unknown}
 o - 5 scrolls of identify {unknown}
 u - a scroll of acquirement {unknown}
 w - 2 scrolls of amnesia {unknown}
 x - a scroll of torment {unknown}
 y - 2 scrolls of noise {unknown}
 z - 2 scrolls of blinking {unknown}
 A - a scroll of immolation {unknown}
Potions
 d - a potion of mutation {unknown}
 e - a potion of lignification {unknown}
 f - 2 potions of magic
 l - a potion of attraction {unknown}
 p - 3 potions of heal wounds
 q - a potion of flight {unknown}
 t - 2 potions of curing {unknown}
 v - a potion of cancellation {unknown}


   Skills:
 + Level 4.3 Dodging
 + Level 4.6 Stealth
 + Level 5.1 Spellcasting
 + Level 3.4 Conjurations
 + Level 4.8 Fire Magic
 + Level 3.0 Poison Magic


You had 5 spell levels left.
You knew the following spells:

 Your Spells              Type           Power      Damage    Failure   Level
a - Foxfire               Conj/Fire      92%        2x1d8     1%          1
b - Sting                 Tmut/Pois      48%        1d5       5%          1
c - Scorch                Fire           52%        2d8       1%          2
d - Flame Wave            Conj/Fire      23%        2d8       19%         4
e - Conjure Flame         Conj/Fire      23%        6-21      5%          3

Your spell library contained the following spells:

 Spells                   Type           Power      Damage    Failure   Level
 Inner Flame              Hex/Fire       16%        N/A       11%         3
 Frozen Ramparts          Ice            10%        1d2       30%         3
 Fireball                 Conj/Fire      11%        3d7       45%         5
 Ice Form                 Ice/Tmut       5%         N/A       69%         4
 Summon Ice Beast         Ice/Summ       5%         N/A       69%         4


Dungeon Overview and Level Annotations

Branches:
Dungeon (5/15)
 Temple: D:4-7

Altars:
Fedhas
Okawaru


Message History

There is not enough space to conjure foxfire!
Unknown command.
Casting: Foxfire (safe; 1% risk of failure)
Confirm with . or Enter, or press ? or * to list all spells.
There is not enough space to conjure foxfire!
The foxfire hits the wyvern.
The wyvern is lightly wounded.
The foxfire hits the wyvern.
The wyvern is lightly wounded.
Casting: Foxfire (safe; 1% risk of failure)
Confirm with . or Enter, or press ? or * to list all spells.
You conjure some foxfire!
Unknown command.
The foxfire hits the wyvern.
The wyvern is lightly wounded.
The foxfire hits the wyvern!
The wyvern is moderately wounded.
Casting: Foxfire (safe; 1% risk of failure)
Confirm with . or Enter, or press ? or * to list all spells.
You conjure some foxfire!
The wyvern misses you.
The foxfire hits the wyvern.
The wyvern is heavily wounded.
The wyvern closely misses you. The wyvern bites you!
Casting: Foxfire (safe; 1% risk of failure)
Confirm with . or Enter, or press ? or * to list all spells.
You conjure some foxfire!
The wyvern barely misses you.
The foxfire hits the wyvern.
The wyvern is severely wounded.
The wyvern barely misses you. The wyvern bites you!
Casting: Foxfire (safe; 1% risk of failure)
Confirm with . or Enter, or press ? or * to list all spells.
You conjure some foxfire!
The wyvern misses you.
The foxfire hits the wyvern.
The wyvern is severely wounded.
The wyvern closely misses you. The wyvern bites you!
* * * LOW HITPOINT WARNING * * *
Casting: Foxfire (safe; 1% risk of failure)
Confirm with . or Enter, or press ? or * to list all spells.
You conjure some foxfire!
The wyvern bites you!
You die...

######.#
#......#
#.######
#.# #.#
#.# #.#
.######v#
......l@#
#########


You could see a wyvern (ally target).

Vanquished Creatures
  An ogre (D:4)
  A phantom (D:4)
  A necrophage (D:5)
  2 scorpions
  A hound (D:5)
  A jelly (D:4)
  Terence (D:2)
  5 gnolls (D:4)
  4 adders
  3 worms
  3 dart slugs
  3 orcs (D:4)
  5 ball pythons
  7 endoplasms
  3 giant cockroaches
  6 goblins
  4 hobgoblins
  9 quokkas
  5 bats
  3 frilled lizards
  11 kobolds
  7 rats
86 creatures vanquished.

Vanquished Creatures (others)
  522 foxfires
522 creatures vanquished.

Grand Total: 608 creatures vanquished

Notes
Turn   | Place    | Note
-------+----------+-------------------------------------------
     0 | D:1      | Descartes the Deep Elf Fire Elementalist began the quest
                  | for the Orb.
     0 | D:1      | Reached XP level 1. HP: 10/10 MP: 6/6
   371 | D:1      | Reached XP level 2. HP: 15/15 MP: 4/8
   407 | D:1      | Found a faded altar of an unknown god.
   412 | D:1      | Got the Compilation of the Virous Blaze
   415 | D:1      | Learned a level 1 spell: Sting
   418 | D:1      | Learned a level 2 spell: Scorch
  1279 | D:2      | Reached XP level 3. HP: 19/19 MP: 6/10
  1373 | D:2      | Noticed Terence
  1382 | D:2      | Killed Terence
  1383 | D:2      | Reached skill level 1 in Poison Magic
  1645 | D:2      | Reached XP level 4. HP: 24/24 MP: 8/11
  2187 | D:3      | Found a blossoming altar of Fedhas.
  3238 | D:3      | Noticed a scorpion
  3246 | D:3      | Killed a scorpion
  3247 | D:3      | Reached skill level 4 in Spellcasting
  3247 | D:3      | Reached XP level 5. HP: 5/28 MP: 4/13
  4083 | D:4      | Noticed a phantom
  4091 | D:4      | Killed a phantom
  4374 | D:4      | Reached XP level 6. HP: 32/32 MP: 8/14
  4965 | D:4      | Found an iron altar of Okawaru.
  5151 | D:4      | Reached skill level 5 in Spellcasting
  5320 | D:5      | Entered Level 5 of the Dungeon
  5326 | D:5      | Learned a level 4 spell: Flame Wave
  5330 | D:5      | Learned a level 3 spell: Conjure Flame
  5367 | D:5      | Reached XP level 7. HP: 36/36 MP: 12/16
  5635 | D:5      | Noticed a wyvern
  5647 | D:5      | Slain by a wyvern

Illustrated notes

Levels and vault maps discovered:
D:1:      kennysheep_arrival_forest, layout_loops_ring,
          hellmonk_ecumenical_altar_run_dry
D:2:      layout_rooms, uniq_terence
D:3:      layout_basic, fedhas_ov_isle_minmay
D:4:      layout_cave_pools, okawaru_altar_gauntlet_db
D:5:      layout_loops_ring

Skill      XL: |  1  2  3  4  5  6  7 |
---------------+----------------------+-----
Dodging        | 3 4 |  4.3
Stealth        | 3 4 |  4.6
Poison Magic   | 1 2 3 |  3.0
Conjurations   | 2 3 |  3.4
Fire Magic     | 4 |  4.8
Spellcasting   | 4 5 |  5.1

Action                   |  1- 3 |  4- 6 |  7- 9 || total
-------------------------+-------+-------+-------++-------
 Cast: Foxfire           |   101 |   189 |    20 ||   310
  Use: Potion            |       |     1 |       ||     1
Armor: Robe              |     1 |     2 |       ||     3
Dodge: Dodged            |     5 |    10 |     6 ||    21
